 Dungeon Crawl Stone Soup version 0.30.1-11-g7821555f0a (webtiles) character file.

Game seed: 8496663356865688201

483 ChrisAssaf the Sneak (level 6, -1/46 HPs)
             Began as a Demonspawn Brigand on Dec 11, 2023.
             Slain by Maggie
             ... wielding a +2 scimitar of distortion
              (18 damage)
             ... on level 6 of the Dungeon.
             The game lasted 00:11:40 (1873 turns).

ChrisAssaf the Sneak (Demonspawn Brigand)           Turns: 1873, Time: 00:11:41

Health: -1/46      AC:  7    Str: 17    XL:     6   Next: 87%
Magic:  6/7        EV: 12    Int: 14    God:
Gold:   105        SH:  0    Dex: 15    Spells: 1/7 levels left

rFire   . . .        o - +2 dagger (vamp)
rCold   . . .        (no shield)
rNeg    . . .        b - +1 robe
rPois   .            (no helmet)
rElec   .            c - +1 cloak
rCorr   .            (no gloves)
SInv    .            (no boots)
Will    .....        (no amulet)
Stlth   +++          i - +6 ring of strength
HPRegen 0.27/turn    (no ring)
MPRegen 0.10/turn

%: no passive effects
@: mesmerised
A: thin metallic scales 1, powered by death 2, demonic touch 1
a: no special abilities


You were on level 6 of the Dungeon.
You visited 1 branch of the dungeon, and saw 6 of its levels.
You also visited: Sewer.

You collected 105 gold pieces.

Inventory:

Hand Weapons
 a - a +3 dagger
 o - a +2 vampiric dagger (weapon)
Missiles
 d - 7 poisoned darts (quivered)
 e - 3 curare-tipped darts
 l - 6 boomerangs
 p - 2 javelins
Armour
 b - a +1 robe (worn)
 c - a +1 cloak (worn)
Jewellery
 i - a +6 ring of strength (left hand)
Scrolls
 g - a scroll of torment
 u - 2 scrolls of magic mapping
 v - 2 scrolls of fear {unknown}
Potions
 f - 3 potions of curing
 h - 2 potions of heal wounds {unknown}
 k - 4 potions of brilliance {unknown}
 n - a potion of haste {unknown}
 q - a potion of magic {unknown}
 r - a potion of might {unknown}
 s - a potion of lignification {unknown}
 t - a potion of flight {unknown}
 w - a potion of mutation {unknown}
 x - a potion of attraction {unknown}
 z - 3 potions of invisibility {unknown}


   Skills:
 * Level 2.7 Fighting
 * Level 2.6 Short Blades
 * Level 2.8 Throwing
 * Level 1.3 Armour
 * Level 2.1 Dodging
 * Level 5.3 Stealth
 * Level 1.1 Spellcasting
 * Level 0.7 Hexes
 * Level 0.8 Necromancy
 * Level 1.1 Translocations
 * Level 1.7 Evocations


You had one spell level left.
You knew the following spells:

 Your Spells              Type           Power      Damage    Failure   Level
a - Blink                 Tloc           6%         N/A       24%         2
b - Tukima's Dance        Hex            2%         N/A       50%         3
c - Necrotise             Necr           12%        1d4       19%         1

Your spell library contained the following spells:

 Spells                   Type           Power      Damage    Failure   Level
 Apportation              Tloc           6%         N/A       16%         1
 Summon Small Mammal      Summ           0%         N/A       26%         1
 Portal Projectile        Hex/Tloc       6%         N/A       47%         3
 Manifold Assault         Tloc           3%         N/A       85%         4
 Blade Hands              Tmut           0%         N/A       100%        5
 Storm Form               Tmut/Air       0%         N/A       100%        7


Dungeon Overview and Level Annotations

Branches:
Dungeon (6/15)              Sewer (visited)
 Temple: D:4-7

Altars:

Annotations:
D:6 Maggie


Innate Abilities, Weirdness & Mutations

You are partially covered in thin metallic scales. (AC +2)
You regenerate health from kills.
Your touch may inflict minor irresistible damage on your foes.


Message History

Confirm with . or Enter, or press ? or * to list all spells.
Aiming: Necrotise (safe; 19% risk of failure)
Press: ? - help, Shift-Dir - straight line, f/p - Maggie
Aim: Maggie, wielding a +2 scimitar of distortion and wearing +0 swamp dragon scales (heavily wounded, mesmerising, chance to affect: 44%)
Okay, then.
Aiming: Paralyse
Press: ? - help, Shift-Dir - straight line, f/p - Maggie
Aim: Maggie, wielding a +2 scimitar of distortion and wearing +0 swamp dragon scales (heavily wounded, mesmerising, chance to affect: 52%) Maggie resists with significant effort.
Maggie barely misses you.
Aiming: Paralyse
Press: ? - help, Shift-Dir - straight line, f/p - Maggie
Aim: Maggie, wielding a +2 scimitar of distortion and wearing +0 swamp dragon scales (heavily wounded, mesmerising, chance to affect: 52%) Maggie resists with significant effort.
The now-empty wand crumbles to dust.
Maggie hits you with a +2 scimitar of distortion!
Space warps horribly around you!!
* * * LOW HITPOINT WARNING * * *
It was a potion of curing.
You feel better.
Maggie casts a spell.
Maggie draws you further into her thrall.
You hit Maggie.
You feel better.
Maggie is heavily wounded.
Maggie gestures wildly while chanting.
Maggie draws you further into her thrall.
You barely miss Maggie.
Maggie is heavily wounded.
Maggie gestures wildly while chanting.
Maggie draws you further into her thrall.
You hit Maggie.
You feel better.
Maggie is heavily wounded.
Maggie gestures at you while chanting. The bolt of fire hits you!
You hit Maggie but do no damage.
You touch Maggie!
Maggie is severely wounded.
Maggie closely misses you.
You aren't carrying any items that you can evoke.
Unknown command.
You feel better.
Maggie hits you with a +2 scimitar of distortion.
Space warps horribly around you!!
You die...

....# .... ○ ...
§§ ##.. §○ #§.
○# ##°# §§#
#○☼###°°##°○§##☼
#○§o§§@§§§○§☼§
#○°####@○§§°##
#. #○§### #. #§#
# §# #


You could see Maggie (mesmerising) and an orc.

Vanquished Creatures
  Sigmund (D:4)
  2 bullfrogs (Sewer)
  An iguana (D:4)
  6 adders
  2 river rats (Sewer)
  An ufetubus (D:4)
  2 dart slugs
  4 orcs (D:5)
  14 ball pythons
  2 bats (D:1)
  2 endoplasms
  A giant cockroach (D:5)
  3 hobgoblins
  5 kobolds
  2 quokkas
  7 frilled lizards
  30 rats
85 creatures vanquished.

Vanquished Creatures (collateral kills)
  3 ball pythons (Sewer)
  2 frilled lizards (Sewer)
  A rat (Sewer)
6 creatures vanquished.

Grand Total: 91 creatures vanquished

Notes
Turn   | Place    | Note
-------+----------+-------------------------------------------
     0 | D:1      | ChrisAssaf the Demonspawn Brigand began the quest for the
                  | Orb.
     0 | D:1      | Reached XP level 1. HP: 16/16 MP: 1/1
   159 | D:1      | Reached skill level 1 in Dodging
   173 | D:1      | Gained mutation: You regenerate a little health from kills.
                  | [demonic ancestry]
   173 | D:1      | Reached XP level 2. HP: 22/22 MP: 2/2
   241 | D:2      | Reached skill level 4 in Stealth
   285 | D:2      | Gained mutation: Your touch may inflict minor irresistible
                  | damage on your foes. [demonic ancestry]
   285 | D:2      | Reached XP level 3. HP: 15/27 MP: 3/3
   919 | D:3      | Learned a level 2 spell: Blink
  1008 | D:4      | Noticed Sigmund
  1012 | D:4      | Killed Sigmund
  1013 | D:4      | Reached skill level 1 in Armour
  1013 | D:4      | Reached skill level 5 in Stealth
  1013 | D:4      | Reached skill level 1 in Evocations
  1013 | D:4      | Gained mutation: You are partially covered in thin metallic
                  | scales. (AC +2) [demonic ancestry]
  1013 | D:4      | Reached XP level 4. HP: 34/34 MP: 4/4
  1013 | D:4      | Reached XP level 5. HP: 39/39 MP: 5/5
  1053 | D:4      | Gained mutation: You regenerate health from kills. [demonic
                  | ancestry]
  1053 | D:4      | Reached XP level 6. HP: 26/46 MP: 5/7
  1160 | D:5      | Entered Level 5 of the Dungeon
  1324 | D:5      | Found a glowing drain.
  1349 | Sewer    | Entered a sewer
  1354 | Sewer    | Learned a level 3 spell: Tukima's Dance
  1356 | Sewer    | Learned a level 1 spell: Necrotise
  1767 | Sewer    | Reached skill level 1 in Spellcasting
  1767 | Sewer    | Reached skill level 1 in Translocations
  1859 | D:6      | Noticed Maggie
  1873 | D:6      | Slain by Maggie

Illustrated notes

Levels and vault maps discovered:
D:1:      onia_arrival_pyramid, layout_loops_ring,
          chequers_ecumenical_altar_lobes
D:2:      layout_rooms
D:3:      layout_rooms
D:4:      layout_basic, uniq_sigmund
D:5:      layout_loops_cross, portal_sewer_entry_b,
          kennysheep_opposing_triangles
D:6:      layout_layer_cave, nzn_wu_jian_contemplation, uniq_maggie

Skill      XL: |  1  2  3  4  5  6 |
---------------+-------------------+-----
Dodging        | 1 2 |  2.1
Stealth        | 4 5 |  5.3
Throwing       | 2 |  2.8
Short Blades   | 2 |  2.6
Armour         | 1 |  1.3
Evocations     | 1 |  1.7
Spellcasting   | 1 |  1.1
Translocations | 1 |  1.1
Fighting       | |  2.7
Hexes          | |  0.7
Necromancy     | |  0.8

Action                     |  1- 3 |  4- 6 || total
---------------------------+-------+-------++-------
  Melee: Dagger            |    68 |   113 ||   181
         Touch             |     6 |    19 ||    25
         Punch             |       |     2 ||     2
  Throw: Dart              |    20 |     8 ||    28
   Cast: Necrotise         |       |    18 ||    18
  Evoke: Wand              |     1 |     7 ||     8
    Use: Scroll            |     4 |     7 ||    11
         Potion            |       |     2 ||     2
   Stab: Sleeping          |     7 |     3 ||    10
         Paralysed         |     1 |     4 ||     5
 Armour: Robe              |    20 |   128 ||   148
  Dodge: Dodged            |    30 |   179 ||   209
